 Dungeon Crawl Stone Soup version 0.27-a0-1557-g57f10a385c (webtiles) character file.

Game seed: 282916045653431366

190 Dittersdorf the Skirmisher (level 5, 0/34 HPs)
             Began as a Gargoyle Fighter on July 15, 2021.
             Slain by Pikel (1 damage)
             ... on level 3 of the Dungeon.
             The game lasted 00:03:03 (3262 turns).

Dittersdorf the Skirmisher (Gargoyle Fighter)       Turns: 3262, Time: 00:03:03

Health: 0/34       AC: 14    Str: 20    XL:     5   Next: 69%
Magic:  5/5        EV:  5    Int:  9    God:
Gold:   105        SH:  9    Dex:  9    Spells: 4/4 levels left

rFire    . . .     SeeInvis .   a - +0 flail
rCold    . . .     Faith    .   c - +0 kite shield
rNeg     + . .     Spirit   .   o - +0 chain mail
rPois    ∞         Reflect  .   (no helmet)
rElec    +         Harm     .   j - +0 cloak
rCorr    .         Rampage  .   (no gloves)
Will     .....                  (no boots)
Stlth    ..........             (no amulet)
HPRegen  0.11/turn              (no ring)
MPRegen  0.09/turn              (no ring)

@: mighty
A: sickness immunity, AC +4, negative energy resistance 1, electricity
resistance, torment resistance 1, petrification resistance
a: no special abilities


You were on level 3 of the Dungeon.
You visited 1 branch of the dungeon, and saw 4 of its levels.

You collected 105 gold pieces.

Inventory:

Hand Weapons
 a - a +0 flail (weapon)
Armour
 c - a +0 kite shield (worn)
 j - a +0 cloak (worn)
 o - a +0 chain mail (worn)
Scrolls
 b - a scroll of acquirement {unknown}
 g - a scroll of fog {unknown}
 h - a scroll of vulnerability
 k - a scroll of enchant armour {unknown}
 l - a scroll of identify {unknown}
 n - a scroll of fear {unknown}
Potions
 e - 2 potions of lignification {unknown}
 f - 2 potions of haste {unknown}
 i - a potion of curing {unknown}
 m - a potion of attraction {unknown}
 p - a potion of magic {unknown}
 q - a potion of flight {unknown}


   Skills:
 + Level 4.4 Fighting
 + Level 3.2 Maces & Flails
 + Level 4.4 Armour
 + Level 4.3 Shields


You had 4 spell levels left.
You didn't know any spells.
Your spell library contained the following spells:

 Spells                   Type           Power      Damage    Failure   Level
 Wereblood                Tmut           0%         N/A       100%        2
 Stone Arrow              Conj/Erth      0%         3d7       100%        3
 Animate Armour           Summ/Erth      0%         N/A       100%        4
 Summon Hydra             Summ           0%         N/A       100%        7
 Lehudib's Crystal Spear  Conj/Erth      0%         10d2      100%        8
 Sublimation of Blood     Necr           Unusable   N/A       N/A         2

Dungeon Overview and Level Annotations

Branches:
Dungeon (4/15)
 Temple: D:4-7

Altars:
Elyvilon
Wu Jian

Shops:
D:2 [

Annotations:
D:3 Pikel


Innate Abilities, Weirdness & Mutations

You are immune to sickness and miasma.
Your stone body is resilient. (AC +4)
You are immune to poison.
You resist negative energy. (rN+)
You are resistant to electric shocks. (rElec)
You are resistant to unholy torment.
You are immune to petrification.


Message History

Pikel hits you but does no damage. You block Pikel's attack.
You hit Pikel.
Pikel is moderately wounded.
You block Pikel's attack.
Your shield and chain mail prevent you from hitting Pikel.
Pikel is moderately wounded.
Pikel hits you but does no damage.
Pikel hits you with a +0 whip of freezing!
Pikel freezes you.
* * * LOW HITPOINT WARNING * * *
Your shield and chain mail prevent you from hitting Pikel.
Pikel is moderately wounded.
You block Pikel's attack.
You closely miss Pikel.
Pikel is moderately wounded.
Pikel hits you but does no damage. You block Pikel's attack.
You thump Pikel!
Pikel is heavily wounded.
You block Pikel's attack.
You completely miss Pikel.
Pikel is heavily wounded.
Pikel hits you but does no damage.
You closely miss Pikel.
Pikel is heavily wounded.
Pikel hits you with a +0 whip of freezing.
* * * LOW HITPOINT WARNING * * *
Pikel freezes you.
* * * LOW HITPOINT WARNING * * *
Pikel hits you with a +0 whip of freezing.
* * * LOW HITPOINT WARNING * * *
Pikel freezes you.
* * * LOW HITPOINT WARNING * * *
You sock Pikel!
Pikel is severely wounded.
Pikel barely misses you.
You feel very mighty all of a sudden.
Pikel hits you with a +0 whip of freezing.
* * * LOW HITPOINT WARNING * * *
Pikel freezes you.
You die... #..# #.....#....#.....#...... #..###.###......##.####...... ##.....# ###..÷..)...###'''## #...#######....######....... #........##....# #.PPPPP.

#.#......#..#..######.P...P.
###......#..#...#...#.P._.P.
#......#.÷#.#.#...#.......
##.....#.@#.#.#.>.########
#.......K..........#
#.....#..(.........#
#..................#
#..................#
#..................#
####.#.............#
###...#..........####
#...####........##


You could see Pikel.

Vanquished Creatures
  A hound (D:2)
  4 gnolls
  5 adders
  4 worms (D:2)
  2 orcs
  7 ball pythons
  7 bats
  2 endoplasms
  A giant cockroach (D:1)
  5 goblins
  7 hobgoblins
  4 jackals (D:2)
  4 kobolds
  3 quokkas
  3 frilled lizards
  6 rats
65 creatures vanquished.

Notes
Turn   | Place    | Note
-------+----------+-------------------------------------------
     0 | D:1      | Dittersdorf the Gargoyle Fighter began the quest for the
                  | Orb.
     0 | D:1      | Reached XP level 1. HP: 14/14 MP: 1/1
    62 | D:1      | Found a faded altar of an unknown god.
    96 | D:1      | Reached XP level 2. HP: 19/19 MP: 2/2
   894 | D:2      | Reached XP level 3. HP: 24/24 MP: 3/3
  1016 | D:2      | Found Farukhlaule's Antique Armour Shoppe.
  1157 | D:2      | Reached XP level 4. HP: 27/29 MP: 4/4
  2195 | D:3      | Reached XP level 5. HP: 33/33 MP: 5/5
  2413 | D:3      | Found a white marble altar of Elyvilon.
  3144 | D:3      | Found an ornate altar of the Wu Jian Council.
  3235 | D:4      | Noticed Pikel
  3237 | D:4      | Noticed a lemure
  3238 | D:4      | Noticed a lemure
  3240 | D:4      | Noticed a lemure
  3241 | D:4      | Noticed a lemure
  3262 | D:3      | HP: 1/34 [Pikel (2)]
  3262 | D:3      | Slain by Pikel

Illustrated notes

Levels and vault maps discovered:
D:1:      lemuel_arrival_rhombus, layout_rooms, serial_corexii_hall,
          corexii_hall_statues_t, chequers_hall_statues_corner_a,
          corexii_hall_statues_l, chequers_hall_statues_corner_a,
          hellmonk_ecumenical_altar_pennies_from_heaven,
          amcnicky_mini_corridor_feature
D:2:      kennysheep_six_static_rooms, layout_basic, serial_shops,
          nicolae_shop_statue_plus
D:3:      layout_rooms, nicolae_wu_jian_immortal_techniques,
          mainiacjoe_overflow_alcove_4
D:4:      layout_loops_cross, nicolae_sif_muna_little_library, serial_shops,
          nicolae_shop_trees, minmay_shop_enchanted_jewellery, uniq_pikel

Skill      XL: |  1  2  3  4  5 |
---------------+----------------+-----
Fighting       | 4 |  4.4
Armour         | 4 |  4.4
Shields        | 4 |  4.3
Maces & Flails | 3 |  3.2

Action                   |  1- 3 |  4- 6 || total
-------------------------+-------+-------++-------
Melee: Flail             |    80 |   195 ||   275
  Use: Scroll            |       |     1 ||     1
       Potion            |       |     1 ||     1
Armor: Scale mail        |    42 |    94 ||   136
       Chain mail        |       |    46 ||    46
Dodge: Dodged            |    23 |    79 ||   102
Block: Kite shield       |    43 |   144 ||   187

Table legend: (Time is in decaauts)
 A = Elapsed time spent in this place.
 B = Non-inter-level travel time spent in this place.
 C = Inter-level travel time spent in this place.
 D = Time resting spent in this place.
 E = Time spent auto-exploring this place.
 F = Levels seen in this place.
 G = Mean time per level.
                   A        B        C        D        E       F      G
               +--------+--------+--------+--------+--------+-----+--------+
         Total |   3401 |   3302 |     99 |    804 |   1825 |   4 |  850.2 |
       Dungeon |   3401 |   3302 |     99 |    804 |   1825 |   4 |  850.2 |
               +--------+--------+--------+--------+--------+-----+--------+

Top non-repeatable levels by time:
     D:2: 1714 daAuts
     D:1: 881 daAuts
     D:3: 758 daAuts
     D:4: 47 daAuts
